[Event "November 21 Early 2023"]
[Site "https://www.chess.com"]
[Date "2023.11.21"]
[Round "10"]
[White "Preobrazhenska_D2011"]
[Black "Tikhonov, Viacheslav"]
[Result "0-1"]
[Board "88"]
[TimeControl "180+1"]
[BlackFideId "44196407"]
[WhiteElo "2457"]
[BlackElo "2191"]
[BlackTeam "RUS"]
[WhiteClock "0:00:01"]
[BlackClock "0:00:06"]

1. e4 c5 2. Nf3 g6 3. d4 cxd4 4. Nxd4 Nc6 5. c4 Nf6 6. Nc3 Nxd4 7. Qxd4 d6 8. f3 Bg7 9. Qd3 O-O 10. Be3 Be6 11. Nd5 Nxd5 12. cxd5 Bd7 13. Bd4 Qa5+ 14. Bc3 Bxc3+ 15. Qxc3 Qxc3+ 16. bxc3 Rfc8 17. c4 b5 18. cxb5 Rc2 19. a4 Rb2 20. Rc1 Kf8 21. h4 h6 22. Be2 Ra2 23. Rc4 Ra1+ 24. Bd1 a6 25. b6 Rb8 26. a5 Bb5 27. Rc7 Rxa5 28. b7 Kg7 29. Kd2 Ra1 30. Re1 Rb1 31. Bc2 Rxe1 32. Kxe1 a5 33. Kd2 Kf6 34. Kc3 Ba6 35. Ba4 Rxb7 36. Rc6 Bb5 37. Bxb5 Rxb5 38. Ra6 Rc5+ 39. Kd4 h5 40. Kd3 Rb5 41. Ra7 Rb2 42. g4 hxg4 43. fxg4 Rb3+ 44. Kd4 Rh3 45. g5+ Kg7 46. Rxe7 Rxh4 47. Ra7 Rg4 48. Rxa5 Rxg5 49. Ra6 Rg1 50. Rxd6 g5 51. Rd8 g4 52. d6 g3 53. d7 Rd1+ 54. Ke5 g2 55. Ra8 g1=Q 56. d8=Q Rxd8 57. Rxd8 Qg5+ 58. Kd4 Qxd8+ 59. Ke3 Qe7 60. Kf4 f6 61. Kf3 Qe5 0-1

[Event "November 21 Early 2023"]
[Site "https://www.chess.com"]
[Date "2023.11.21"]
[Round "10"]
[White "Jovic, Stanoje"]
[Black "topce"]
[Result "1/2-1/2"]
[Board "89"]
[TimeControl "180+1"]
[WhiteFideId "905020"]
[WhiteElo "2249"]
[BlackElo "2442"]
[WhiteTeam "SRB"]
[WhiteClock "0:00:06"]
[BlackClock "0:00:05"]

1. c4 c5 2. g3 Nc6 3. Bg2 g6 4. Nc3 Bg7 5. Nf3 d6 6. O-O Bf5 7. e4 Bg4 8. h3 Bxf3 9. Bxf3 e6 10. d3 Nge7 11. Bg2 O-O 12. f4 Qd7 13. g4 f5 14. exf5 gxf5 15. g5 Rab8 16. h4 Bd4+ 17. Kh2 a6 18. a4 Kh8 19. Qf3 Ng6 20. Kh3 e5 21. h5 Nxf4+ 22. Bxf4 exf4 23. Qxf4 Be5 24. Qh4 Bxc3 25. bxc3 Ne5 26. Bd5 f4+ 27. Kh2 Qg4 28. Qxg4 Nxg4+ 29. Kh3 Ne5 30. d4 Nc6 31. Kg4 cxd4 32. Bxc6 bxc6 33. cxd4 Rb4 34. Rac1 d5 35. cxd5 cxd5 36. Rxf4 Rxf4+ 37. Kxf4 Rxd4+ 38. Kf5 Rc4 39. Re1 Rc8 40. Rd1 Rd8 41. Rd4 Kg7 42. Ke6 Re8+ 43. Kxd5 Re1 44. Kc6 Re5 45. Rg4 a5 46. Kd6 Rf5 47. Kc6 Re5 48. Kb6 Rf5 49. g6 h6 50. Rh4 Rg5 51. Kc6 Rf5 52. Kd6 Rg5 53. Ke6 Rc5 54. Rh1 Rg5 55. Rb1 Rxh5 56. Rb5 Kxg6 57. Rb1 Rh4 58. Rg1+ Kh5 59. Kf5 Rxa4 60. Rh1+ Rh4 61. Ra1 a4 62. Ra3 Rh1 63. Rxa4 Rf1+ 64. Ke4 Kg4 65. Ke3+ Kg5 66. Ke2 Rf5 67. Ra8 Rf6 68. Rg8+ Rg6 69. Rh8 h5 70. Kf2 Kg4 71. Kg2 h4 72. Ra8 Kh5+ 73. Kh2 Rg5 74. Ra4 Rg4 75. Ra8 Rg5 76. Rh8+ Kg4 77. Kg2 Kf5+ 78. Kh3 Rg3+ 79. Kh2 Rg4 80. Rf8+ Kg5 81. Rf7 Rf4 82. Rg7+ Kf5 83. Rg8 Rg4 84. Rf8+ Kg5 85. Rh8 Rf4 86. Rg8+ Kf5 87. Rf8+ Ke5 88. Rh8 Ke4 89. Kh3 Kf3 90. Rxh4 Rxh4+ 91. Kxh4 1/2-1/2

[Event "November 21 Early 2023"]
[Site "https://www.chess.com"]
[Date "2023.11.21"]
[Round "10"]
[White "Omariev, Maksim"]
[Black "Berezin, Viktor"]
[Result "0-1"]
[Board "90"]
[TimeControl "180+1"]
[WhiteFideId "4193423"]
[BlackFideId "14107872"]
[WhiteElo "2537"]
[BlackElo "2310"]
[WhiteTeam "RUS"]
[BlackTeam "UKR"]
[WhiteClock "0:00:06"]
[BlackClock "0:00:08"]

1. e4 g6 2. d4 Bg7 3. Nc3 d6 4. h4 h5 5. Be3 c6 6. Qd2 Nd7 7. Nh3 b5 8. Ng5 Ngf6 9. f3 Qc7 10. a4 b4 11. Ne2 e5 12. Qxb4 exd4 13. Qxd4 O-O 14. Qd2 d5 15. Nc3 Ne5 16. exd5 cxd5 17. Bf4 Re8 18. Be2 Qb6 19. O-O-O Rb8 20. b3 Bf5 21. Nxd5 Nxd5 22. Qxd5 Qc7 23. Bc4 Nd3+ 24. cxd3 Qxf4+ 25. Kb1 Re2 26. Qxf7+ Kh8 27. Qg8+ Rxg8 28. Nf7+ Kh7 29. Ng5+ Qxg5 30. hxg5 Rb2+ 31. Kc1 Re8 32. d4 Rc2+ 33. Kb1 Rxc4+ 34. Ka2 Rc2+ 35. Ka3 Bf8+ 36. b4 Re3+ 37. Rd3 Rxd3# 0-1

[Event "November 21 Early 2023"]
[Site "https://www.chess.com"]
[Date "2023.11.21"]
[Round "10"]
[White "ploxoi"]
[Black "Pinheiro, Iung Alicio de O."]
[Result "0-1"]
[Board "91"]
[TimeControl "180+1"]
[BlackFideId "2104350"]
[WhiteElo "2440"]
[BlackElo "2283"]
[BlackTeam "BRA"]
[WhiteClock "0:00:06"]
[BlackClock "0:01:01"]

1. d4 Nf6 2. c4 e6 3. g3 c5 4. d5 exd5 5. cxd5 d6 6. Nc3 g6 7. Bg2 Bg7 8. Nf3 O-O 9. O-O Re8 10. Bf4 Ne4 11. Nxe4 Rxe4 12. Nd2 Rb4 13. a3 Rxf4 14. gxf4 Bxb2 15. Ra2 Bg7 16. a4 Na6 17. Nc4 Nb4 18. Rd2 b6 19. Qb3 Ba6 20. Re1 Qf6 21. e3 Re8 22. Bf1 Qc3 23. Qxc3 Bxc3 24. Red1 Bxc4 25. Bxc4 Bxd2 26. Rxd2 a6 27. Rd1 f5 28. Kf1 Rb8 29. Ra1 Kf8 30. f3 Nc2 0-1

[Event "November 21 Early 2023"]
[Site "https://www.chess.com"]
[Date "2023.11.21"]
[Round "10"]
[White "Ljukin, Sergei"]
[Black "Pinto, Daniel"]
[Result "1/2-1/2"]
[Board "92"]
[TimeControl "180+1"]
[WhiteFideId "14102200"]
[BlackFideId "3303144"]
[WhiteElo "2312"]
[BlackElo "2149"]
[WhiteTeam "UKR"]
[BlackTeam "BOL"]
[WhiteClock "0:00:02"]
[BlackClock "0:00:05"]

1. e4 c6 2. d4 d5 3. e5 Bf5 4. Nd2 e6 5. Nb3 Nd7 6. Nf3 Ne7 7. Be2 Bg6 8. O-O Nf5 9. a4 f6 10. Bf4 fxe5 11. Nxe5 Nxe5 12. Bxe5 Bd6 13. Bh5 Bxe5 14. dxe5 Qg5 15. Bg4 h5 16. Bxf5 Bxf5 17. Nd4 O-O 18. f4 Qg6 19. Nxf5 Rxf5 20. Rf3 Raf8 21. Qd4 a6 22. Raf1 h4 23. h3 R8f7 24. Qf2 Qh5 25. Kh2 Kh7 26. Qb6 Qh6 27. Qd4 Rf8 28. Qd3 Qg6 29. g4 hxg3+ 30. Rxg3 Qh6 31. Rg4 Rf7 32. Qg3 Kg8 33. Rg6 Qh5 34. Rxe6 b6 35. Rg6 Rxe5 36. fxe5 Rxf1 37. Rxg7+ Kf8 38. Rg8+ Ke7 39. Rg7+ Ke6 40. Qg6+ Qxg6 41. Rxg6+ Kxe5 42. Rxc6 b5 43. axb5 axb5 44. Rc5 b4 45. Rb5 Rf2+ 46. Kg3 Rxc2 47. Rxb4 d4 48. Rb8 Ke4 49. Re8+ Kd3 50. h4 Rxb2 51. h5 Rb5 52. Kg4 Rb1 53. h6 Rh1 54. Kg5 Kc2 55. Kg6 d3 56. h7 Rxh7 57. Kxh7 d2 58. Rd8 d1=Q 59. Rxd1 Kxd1 1/2-1/2

[Event "November 21 Early 2023"]
[Site "https://www.chess.com"]
[Date "2023.11.21"]
[Round "10"]
[White "Grossboss19"]
[Black "ChessLebaneseSalah"]
[Result "0-1"]
[Board "93"]
[TimeControl "180+1"]
[WhiteElo "2519"]
[BlackElo "2408"]
[WhiteClock "0:00:00"]
[BlackClock "0:00:12"]

1. d4 d5 2. c4 c6 3. e3 Nf6 4. Nc3 e6 5. b3 Nbd7 6. Bb2 Bd6 7. Bd3 O-O 8. Nge2 dxc4 9. bxc4 e5 10. h3 Qe7 11. O-O Re8 12. Qd2 b6 13. Rfe1 Bb7 14. Ng3 g6 15. Nce4 Nxe4 16. Nxe4 c5 17. Nxd6 Qxd6 18. d5 b5 19. e4 b4 20. Rf1 f6 21. g3 a5 22. f4 Kg7 23. Kh2 a4 24. a3 b3 25. Rf2 Re7 26. Raf1 Rf8 27. h4 h6 28. Qd1 Ref7 29. Qg4 h5 30. Qd1 Bc8 31. f5 g5 32. Qxh5 Rh8 33. Qg4 Kf8 34. Rh1 gxh4 35. Kg1 Rg7 36. Qe2 Rxg3+ 37. Rg2 Rhg8 38. Rxg3 Rxg3+ 39. Kf1 Qe7 40. Rxh4 Qg7 41. Rh1 Qg5 42. Ke1 Re3 43. Kd2 Rxe2+ 44. Kxe2 Qg2+ 45. Ke3 Qxh1 0-1

[Event "November 21 Early 2023"]
[Site "https://www.chess.com"]
[Date "2023.11.21"]
[Round "10"]
[White "Skurikhin, Dmitrij"]
[Black "LeoLV10"]
[Result "0-1"]
[Board "94"]
[TimeControl "180+1"]
[WhiteFideId "4161297"]
[WhiteElo "2197"]
[BlackElo "2517"]
[WhiteTeam "RUS"]
[WhiteClock "0:00:00"]
[BlackClock "0:00:55"]

1. d4 Nf6 2. Nf3 e6 3. c4 a6 4. a3 d5 5. Nc3 Be7 6. Bg5 O-O 7. e3 h6 8. Bh4 Nbd7 9. Qc2 Rb8 10. cxd5 exd5 11. Bd3 Re8 12. O-O Nf8 13. Ne5 c6 14. b4 N6d7 15. Bg3 Nxe5 16. Bxe5 Bd6 17. Bg3 Bxg3 18. hxg3 Qf6 19. Qe2 g6 20. Qf3 Qg7 21. Qf4 Bd7 22. Na4 Ne6 23. Qf3 Rbd8 24. Nc5 Bc8 25. a4 h5 26. Rfc1 Qh8 27. Nxe6 Rxe6 28. b5 axb5 29. axb5 Rf6 30. Qe2 h4 31. gxh4 Qxh4 32. g3 Qh6 33. bxc6 bxc6 34. Ra8 Kg7 35. Qf1 Bh3 36. Rxd8 Bxf1 37. Bxf1 Qg5 38. Bd3 Re6 39. Rc8 Rxe3 40. fxe3 Qxe3+ 41. Kg2 Qxc1 0-1

[Event "November 21 Early 2023"]
[Site "https://www.chess.com"]
[Date "2023.11.21"]
[Round "10"]
[White "Skibbe, Willi"]
[Black "Baches Garcia, Guillermo"]
[Result "0-1"]
[Board "95"]
[TimeControl "180+1"]
[WhiteFideId "4682190"]
[BlackFideId "2209764"]
[WhiteElo "2289"]
[BlackElo "2516"]
[WhiteTeam "GER"]
[BlackTeam "ESP"]
[WhiteClock "0:00:07"]
[BlackClock "0:00:11"]

1. e4 d5 2. exd5 Qxd5 3. Nf3 Bg4 4. Be2 Nc6 5. Nc3 Qd7 6. O-O O-O-O 7. h3 Bxf3 8. Bxf3 Nd4 9. d3 e5 10. Re1 Bd6 11. Ne4 f5 12. Nxd6+ Qxd6 13. c3 Nxf3+ 14. Qxf3 Qxd3 15. Be3 Nf6 16. Rad1 Qe4 17. Qxe4 Nxe4 18. Rxd8+ Rxd8 19. f3 Nf6 20. a4 b6 21. a5 Rd5 22. axb6 axb6 23. Ra1 Kd7 24. Kf2 f4 25. Bc1 g5 26. Ke2 Ke6 27. c4 Rd7 28. Ra8 e4 29. fxe4 Nxe4 30. Re8+ Re7 31. Rg8 Kf5 32. Rf8+ Ke5 33. b3 Kd6 34. Kf3 c5 35. Rf5 h6 36. h4 Re6 37. hxg5 hxg5 38. Kg4 Rg6 39. Rd5+ Ke6 40. Bb2 Nd6 41. Rxg5 Rxg5+ 42. Kxg5 Ne4+ 43. Kxf4 Nd2 44. Bc3 Nxb3 45. g4 Na5 46. Bxa5 bxa5 47. Ke4 Kf6 48. Kd3 Kg5 49. Kc3 Kxg4 50. Kb3 Kf4 51. Ka4 Ke4 52. Kxa5 Kd3 53. Ka4 Kxc4 54. Ka3 Kc3 55. Ka2 Kc2 56. Ka1 c4 57. Ka2 c3 58. Ka1 Kc1 59. Ka2 c2 60. Ka1 Kd2 61. Ka2 c1=Q 62. Kb3 Qc3+ 0-1

[Event "November 21 Early 2023"]
[Site "https://www.chess.com"]
[Date "2023.11.21"]
[Round "10"]
[White "Kuegel, Tobias"]
[Black "Feliz Dotel, Dewar Bienvenido"]
[Result "1-0"]
[Board "96"]
[TimeControl "180+1"]
[WhiteFideId "4636295"]
[BlackFideId "6402801"]
[WhiteElo "2213"]
[BlackElo "2069"]
[WhiteTeam "GER"]
[BlackTeam "DOM"]
[WhiteClock "0:00:50"]
[BlackClock "0:00:47"]

1. e4 e5 2. Nf3 Nc6 3. Bb5 Nf6 4. O-O Nxe4 5. d4 Nd6 6. dxe5 Nxb5 7. a4 Nbd4 8. Nxd4 Nxd4 9. Qxd4 d5 10. exd6 Qxd6 11. Qe4+ Qe6 12. Qd4 Qd6 13. Qe3+ Be6 14. Nc3 Qc5 15. Nb5 Qxe3 16. Bxe3 Bd6 17. Rfd1 a6 18. Nxd6+ cxd6 19. Rxd6 Rd8 20. Rad1 Rxd6 21. Rxd6 Ke7 22. Rb6 Bd5 23. Bc5+ Kd7 24. Rd6+ Kc7 25. Rxd5 Kc6 26. c4 Re8 27. Be3 Re4 28. Rd4 Re5 29. Kh1 Ra5 30. b3 b5 31. Bd2 b4 32. Rd5 Rxd5 33. cxd5+ Kc5 34. Bxb4+ Kxd5 35. Bf8 g6 36. b4 Kc4 37. a5 Kb5 38. g4 1-0

[Event "November 21 Early 2023"]
[Site "https://www.chess.com"]
[Date "2023.11.21"]
[Round "10"]
[White "reevecanada"]
[Black "ATM622"]
[Result "1/2-1/2"]
[Board "97"]
[TimeControl "180+1"]
[WhiteElo "2671"]
[BlackElo "2437"]
[WhiteClock "0:00:18"]
[BlackClock "0:00:09"]

1. e4 c6 2. c4 d5 3. cxd5 cxd5 4. exd5 Nf6 5. Nc3 Nxd5 6. Nf3 Nc6 7. Qb3 e6 8. d4 Bb4 9. Bd3 h6 10. O-O O-O 11. a3 Be7 12. Qc2 a6 13. Be3 Nxe3 14. fxe3 f5 15. Bc4 b5 16. Ba2 b4 17. Na4 Na5 18. Nc5 Bxc5 19. dxc5 bxa3 20. bxa3 Qc7 21. Qc3 Rb8 22. Nd4 Kh8 23. Bxe6 Nc6 24. Bxc8 Qxc8 25. Rab1 Ne5 26. c6 Ng4 27. h3 Nf6 28. Rxb8 Qxb8 29. Rxf5 Qc8 30. Qc2 Rf7 31. Re5 Rc7 32. Qc5 Qg8 33. Re7 Qf8 34. Nf5 Ng8 35. Qd6 Rxe7 36. Nxe7 Qxe7 37. Qd3 Qc7 38. Qd7 Qe5 39. c7 Qxe3+ 40. Kf1 Qc1+ 41. Ke2 Qc2+ 42. Ke3 Qc3+ 43. Kf4 Qc4+ 44. Kf5 Qc5+ 45. Ke6 Qe3+ 46. Kf7 Qf4+ 47. Ke6 Qf6+ 48. Kd5 Ne7+ 49. Qxe7 Qxe7 50. c8=Q+ Kh7 51. Qxa6 Qd7+ 52. Qd6 Qb7+ 53. Kc4 Qxg2 54. Qd3+ Kh8 55. a4 Qc6+ 56. Kb4 Qb6+ 57. Qb5 Qd4+ 58. Ka5 Qa7+ 59. Qa6 Qc5+ 60. Qb5 Qa7+ 61. Kb4 Qd4+ 62. Ka3 Qc3+ 63. Qb3 Qa1+ 64. Kb4 Qd4+ 65. Qc4 Qb6+ 66. Qb5 Qd4+ 1/2-1/2

[Event "November 21 Early 2023"]
[Site "https://www.chess.com"]
[Date "2023.11.21"]
[Round "10"]
[White "Belov, Alexei"]
[Black "Minko, Dmitry"]
[Result "1/2-1/2"]
[Board "98"]
[TimeControl "180+1"]
[WhiteFideId "4128206"]
[BlackFideId "24188468"]
[WhiteElo "2603"]
[BlackElo "1992"]
[WhiteTeam "RUS"]
[BlackTeam "FID"]
[WhiteClock "0:00:57"]
[BlackClock "0:01:24"]

1. e4 e5 2. Nf3 Nc6 3. Bb5 Nf6 4. O-O Nxe4 5. d4 Nd6 6. Bxc6 dxc6 7. dxe5 Nf5 8. Qxd8+ Kxd8 9. Rd1+ Ke8 10. Nc3 Be7 11. b3 Be6 12. Bb2 Rd8 13. Ne2 h5 14. h3 Rxd1+ 15. Rxd1 h4 16. Nf4 Bc8 17. c4 b5 18. Nd4 bxc4 19. bxc4 Nxd4 20. Bxd4 Ba6 21. Bxa7 Bxc4 22. Rd2 Bg5 23. Be3 Bxf4 24. Bxf4 Ke7 25. Rc2 Bd5 26. Rb2 Ra8 27. Bg5+ Ke6 28. Bxh4 Kxe5 29. Bg3+ Kf5 30. Bxc7 1/2-1/2

[Event "November 21 Early 2023"]
[Site "https://www.chess.com"]
[Date "2023.11.21"]
[Round "10"]
[White "Miszler, Levente"]
[Black "Tasev, Dejan"]
[Result "0-1"]
[Board "99"]
[TimeControl "180+1"]
[WhiteFideId "763276"]
[BlackFideId "936618"]
[WhiteElo "2186"]
[BlackElo "2248"]
[WhiteTeam "HUN"]
[BlackTeam "SRB"]
[WhiteClock "0:00:43"]
[BlackClock "0:01:12"]

1. d4 Nf6 2. Nf3 e6 3. Bf4 b6 4. e3 Bb7 5. Bd3 h6 6. Nbd2 d6 7. h3 Nbd7 8. O-O g5 9. Bh2 g4 10. hxg4 Nxg4 11. e4 Nxh2 12. Kxh2 Rg8 13. c4 Nf6 14. d5 Ng4+ 15. Kg1 e5 16. Re1 Qf6 17. Nf1 Bc8 18. Ng3 h5 19. Nf5 Nh6 20. N3h4 Nxf5 21. Nxf5 h4 22. Qh5 Rg5 23. Qf3 Bxf5 24. exf5 Bh6 25. b4 Ke7 26. c5 Rag8 27. cxd6+ cxd6 28. Be4 Rxg2+ 29. Qxg2 Rxg2+ 30. Kxg2 Qg5+ 31. Kh1 Qg4 32. a4 Bf4 33. Bg2 Qxf5 34. a5 Bd2 35. Re2 Bxb4 36. axb6 axb6 37. Ra7+ Kf6 38. Be4 Qh3+ 39. Kg1 Qg4+ 40. Kf1 Bc5 41. f3 Qg1# 0-1

[Event "November 21 Early 2023"]
[Site "https://www.chess.com"]
[Date "2023.11.21"]
[Round "10"]
[White "Darmanin, Jake"]
[Black "Iskusnyh, Sergei"]
[Result "0-1"]
[Board "100"]
[TimeControl "180+1"]
[WhiteFideId "5601061"]
[BlackFideId "4120027"]
[WhiteElo "2119"]
[BlackElo "2455"]
[WhiteTeam "MLT"]
[BlackTeam "RUS"]
[WhiteClock "0:00:13"]
[BlackClock "0:00:26"]

1. e4 e6 2. d4 d5 3. Nc3 Nf6 4. e5 Nfd7 5. f4 c5 6. Nf3 Nc6 7. Be3 Rb8 8. a3 cxd4 9. Nxd4 Bc5 10. Qd2 O-O 11. O-O-O a6 12. g3 Bxd4 13. Bxd4 b5 14. Na2 a5 15. b3 Qe7 16. Bb2 Nc5 17. Kb1 b4 18. a4 Ba6 19. Bxa6 Nxa6 20. f5 exf5 21. Qxd5 Rbc8 22. Rde1 Nc5 23. Rhf1 Rfd8 24. Qf3 Ne4 25. Bc1 g6 26. Rxe4 fxe4 27. Qxe4 Nd4 28. Rf2 Ne6 29. h4 Qc5 30. Rf1 Qd5 31. Qe2 Nd4 32. Qd3 Ne6 33. Qxd5 Rxd5 34. Bb2 Rd2 35. c3 bxc3 36. Nxc3 Rg2 37. Ne4 Rb8 38. Nd6 Rxb3 39. Nxf7 Rbxb2+ 40. Kc1 Ra2 41. Nh6+ Kg7 0-1

[Event "November 21 Early 2023"]
[Site "https://www.chess.com"]
[Date "2023.11.21"]
[Round "10"]
[White "Gavrilov, Maxim"]
[Black "Estrada Nieto, Julian"]
[Result "1-0"]
[Board "101"]
[TimeControl "180+1"]
[WhiteFideId "24271454"]
[BlackFideId "5101018"]
[WhiteElo "2157"]
[BlackElo "2161"]
[WhiteTeam "RUS"]
[BlackTeam "ESP"]
[WhiteClock "0:00:06"]
[BlackClock "0:00:00"]

1. d4 d5 2. c4 dxc4 3. e4 e5 4. Nf3 exd4 5. Bxc4 Nc6 6. O-O Be6 7. Bb5 Bc5 8. b4 Bb6 9. a4 a6 10. Bxc6+ bxc6 11. a5 Ba7 12. Bb2 Nf6 13. Nbd2 O-O 14. Rc1 Rb8 15. Rxc6 Bc8 16. Rc4 c5 17. e5 Nd5 18. Ne4 Rxb4 19. Rxb4 Nxb4 20. Ba3 Qxa5 21. Bxb4 Qxb4 22. Qc2 Be6 23. Nfg5 g6 24. Nf6+ Kg7 25. Nfxh7 Bf5 26. Qc1 Rb8 27. Qf4 d3 28. Qg3 Qg4 29. Qe3 Rb7 30. e6 Qd4 31. Qg3 d2 32. exf7 Rxf7 33. Rd1 Re7 34. h4 Re1+ 35. Kh2 Qe5 36. Qxe5+ Rxe5 37. Rxd2 Re7 38. Ra2 Bd3 39. Ra3 c4 40. g4 Bxf2 41. Rxa6 c3 42. Rc6 c2 43. Nf6 Bxh4 44. Ne6+ Kxf6 45. Nf4+ Kg5 46. Nxd3 Kxg4 47. Rxc2 Bg3+ 48. Kg2 1-0

[Event "November 21 Early 2023"]
[Site "https://www.chess.com"]
[Date "2023.11.21"]
[Round "10"]
[White "Herman, Daniel"]
[Black "RodokininEV"]
[Result "1/2-1/2"]
[Board "102"]
[TimeControl "180+1"]
[WhiteFideId "30935008"]
[WhiteElo "1897"]
[BlackElo "2521"]
[WhiteTeam "USA"]
[WhiteClock "0:00:07"]
[BlackClock "0:00:08"]

1. d4 Nf6 2. c4 g6 3. Nc3 Bg7 4. e4 d6 5. Nf3 O-O 6. h3 e5 7. d5 a5 8. Be3 Nfd7 9. g4 Na6 10. Bd3 Ndc5 11. Bc2 f5 12. gxf5 gxf5 13. Rg1 Kh8 14. Ng5 Qe8 15. exf5 Bxf5 16. Bxf5 Rxf5 17. Qg4 Qg6 18. O-O-O Raf8 19. Ne6 Nxe6 20. dxe6 Qxg4 21. hxg4 R5f6 22. e7 Re8 23. g5 Rg6 24. Ne4 Rxe7 25. b3 Nb8 26. c5 Rd7 27. cxd6 cxd6 28. Rd5 Nc6 29. Rgd1 Bf8 30. Bc5 Kg7 31. Bxd6 Bxd6 32. Rxd6 Rgxd6 33. Nxd6 Kg6 34. Ne4 Rxd1+ 35. Kxd1 Nd4 36. Nc5 b5 37. Nb7 Kxg5 38. Nxa5 h5 39. Nb7 h4 40. Ke1 h3 41. Kf1 Kf4 42. Kg1 Kf3 43. Nd6 e4 44. a4 Nxb3 45. axb5 Nc1 46. b6 Ne2+ 47. Kh2 Nd4 48. b7 Nc6 49. Kxh3 Kxf2 50. Nxe4+ Ke3 51. Ng5 Kd4 52. Ne6+ Kd5 53. Nd8 Nb8 54. Kg4 Kd6 55. Kf5 Kc7 56. Ne6+ Kxb7 1/2-1/2

[Event "November 21 Early 2023"]
[Site "https://www.chess.com"]
[Date "2023.11.21"]
[Round "10"]
[White "Kubatko, Ivan"]
[Black "Lund, Gunnar"]
[Result "1/2-1/2"]
[Board "103"]
[TimeControl "180+1"]
[WhiteFideId "24111473"]
[BlackFideId "1520814"]
[WhiteElo "2285"]
[BlackElo "2233"]
[WhiteTeam "RUS"]
[BlackTeam "NOR"]
[WhiteClock "0:00:08"]
[BlackClock "0:00:43"]

1. e4 h6 2. d4 a6 3. Nc3 e6 4. g3 d6 5. Bg2 Nc6 6. Nge2 Bd7 7. Be3 e5 8. Qd2 Qc8 9. h3 Nf6 10. Nd5 Be7 11. Nxe7 Nxe7 12. O-O-O Bb5 13. f4 Bxe2 14. Qxe2 Nc6 15. dxe5 dxe5 16. Bc5 Nd7 17. Be3 Qd8 18. h4 Qe7 19. Bh3 O-O-O 20. Rxd7 Rxd7 21. Rd1 Rd8 22. Qg4 f6 23. c3 a5 24. a4 Nb8 25. Qe2 b6 26. Qb5 Kb7 27. Bxd7 Rxd7 28. Rxd7 Qxd7 29. Qxd7 Nxd7 30. Kc2 Kc6 31. b4 Kd6 32. Kb3 c5 33. Kc4 axb4 34. cxb4 cxb4 35. Kxb4 Kc6 36. Kc4 h5 37. f5 Nf8 38. Bd2 Nd7 39. Bb4 Nb8 40. Bf8 Nd7 41. Bxg7 Nc5 42. Bxf6 Nxa4 43. Bxe5 b5+ 44. Kb4 Nc5 45. Bf4 Nxe4 46. g4 hxg4 47. h5 Kd5 48. h6 Nf6 49. Bg5 Nh7 50. Bh4 Ke5 51. Kxb5 Kxf5 52. Kc4 Kg6 53. Kd3 Kxh6 54. Ke3 Kh5 55. Bg3 Ng5 56. Bb8 Nh3 57. Ke2 Kg5 58. Kf1 Kf5 59. Kg2 Ng5 60. Bc7 Ne4 61. Bb8 Nf6 62. Bc7 Nd5 63. Bb8 Ke4 64. Kg1 Kf3 65. Bd6 Nf6 66. Bb8 Ne4 67. Bc7 Nf2 68. Bb8 Nh3+ 69. Kh2 Ng5 70. Kg1 Ne4 71. Kh2 Nc5 72. Kg1 Nd7 73. Bc7 Nf6 74. Bb8 Nh5 75. Kh2 Nf6 76. Kg1 1/2-1/2

[Event "November 21 Early 2023"]
[Site "https://www.chess.com"]
[Date "2023.11.21"]
[Round "10"]
[White "Buchenau, Frank"]
[Black "Bilan, Danila"]
[Result "0-1"]
[Board "104"]
[TimeControl "180+1"]
[WhiteFideId "4604350"]
[BlackFideId "24161918"]
[WhiteElo "2157"]
[BlackElo "2146"]
[WhiteTeam "GER"]
[BlackTeam "RUS"]
[WhiteClock "0:00:01"]
[BlackClock "0:00:06"]

1. e4 c6 2. Nf3 d5 3. Nc3 Bg4 4. d4 dxe4 5. Nxe4 e6 6. c3 Nf6 7. Ng3 Bd6 8. h3 Bxf3 9. Qxf3 Nbd7 10. Bd3 Qc7 11. Bd2 c5 12. dxc5 Nxc5 13. Bb5+ Ke7 14. O-O-O h6 15. Rhe1 Kf8 16. Be3 Rc8 17. Bd4 Be7 18. Kb1 a6 19. Bf1 Qc6 20. Qe3 Nd5 21. Qd2 Bg5 22. Qc2 Bf6 23. Bxf6 Nxf6 24. Rd2 g6 25. Red1 Kg7 26. Rd4 Rhe8 27. Rd6 Qc7 28. R1d4 e5 29. Rd1 Rcd8 30. Qd2 Ne6 31. Be2 Rxd6 32. Qxd6 Rd8 33. Qxc7 Rxd1+ 34. Bxd1 Nxc7 35. Bf3 b6 36. Kc2 h5 37. Ne4 Nxe4 38. Bxe4 f5 39. Bc6 Kf6 40. b4 Ke6 41. a4 Kd6 42. Bb7 g5 43. f3 a5 44. Kd3 Ne6 45. Kc4 axb4 46. cxb4 Nf4 47. a5 Kc7 48. a6 Nxg2 49. Bd5 Ne3+ 50. Kb5 Nxd5 51. a7 Kb7 52. a8=Q+ Kxa8 53. Kc6 e4 54. Kxd5 exf3 55. Ke5 f2 0-1

[Event "November 21 Early 2023"]
[Site "https://www.chess.com"]
[Date "2023.11.21"]
[Round "10"]
[White "MIss_MIaMI"]
[Black "Koepke, Christian"]
[Result "0-1"]
[Board "105"]
[TimeControl "180+1"]
[BlackFideId "4655737"]
[WhiteElo "2378"]
[BlackElo "2238"]
[BlackTeam "GER"]
[WhiteClock "0:00:07"]
[BlackClock "0:00:05"]

1. e4 c6 2. d4 d5 3. exd5 cxd5 4. Bb5+ Bd7 5. Bd3 Nc6 6. c3 Nf6 7. h3 g6 8. Nf3 Bf5 9. O-O Bxd3 10. Qxd3 Bg7 11. Re1 Qc7 12. Bg5 O-O 13. Nbd2 Rfe8 14. Bh4 e6 15. Bg3 Qb6 16. Nb3 Rac8 17. Nc5 Ne7 18. Ne5 Nf5 19. Bf4 Re7 20. b4 Qd8 21. f3 b6 22. Nb3 Nd6 23. b5 Rec7 24. Nc6 Qd7 25. a4 a6 26. Bxd6 Qxd6 27. Qe3 a5 28. Nc1 Kh8 29. Nd3 Ng8 30. Nde5 Re8 31. Qf4 Bxe5 32. Qxe5+ Qxe5 33. Rxe5 Ne7 34. Rae1 Nxc6 35. bxc6 Rd8 36. R5e3 Rxc6 37. Ra1 Rdc8 38. Ra3 Rc4 39. Kf2 Kg8 40. Ke2 Kf8 41. Kd2 Ke7 42. f4 Kd6 43. g3 Kc6 44. g4 Rb8 45. Re1 b5 46. axb5+ Rxb5 47. Kc2 Kb6 48. Rea1 h6 49. h4 Rc8 50. Kd3 h5 51. gxh5 gxh5 52. Rg1 Rb2 53. Rg7 Rc7 54. Rh7 Rf2 55. Rxh5 Rxf4 56. Rh8 Rf3+ 57. Kd2 Rc4 58. Rb8+ Kc7 59. Ra8 Rxd4+ 60. Ke2 Rdf4 61. Ra7+ Kd6 62. R7xa5 Rh3 63. Ra6+ Ke5 64. Ra7 Rhxh4 65. Kd2 Rfg4 66. Kc2 Rh2+ 67. Kb3 Rf2 68. Ra1 Rc4 69. Re1+ Kf6 70. Rh1 Rf3 71. Rh6+ Kg7 72. Rh2 Rfxc3+ 73. Kb2 Rf3 74. Rg2+ Kf6 75. Ra6 Ke5 76. Re2+ Kf5 77. Ra7 Kf4 78. Re3 Rxe3 79. Rxf7+ Ke4 80. Re7 e5 81. Rd7 d4 82. Rh7 Rcc3 83. Rh6 Rg3 84. Rh4+ Kd5 85. Rh8 Rg2+ 86. Kb1 Re3 87. Rd8+ Ke4 88. Rh8 Re1# 0-1

[Event "November 21 Early 2023"]
[Site "https://www.chess.com"]
[Date "2023.11.21"]
[Round "10"]
[White "Tarasova, Viktoriya"]
[Black "Kovalyov_Eduard"]
[Result "0-1"]
[Board "106"]
[TimeControl "180+1"]
[WhiteFideId "4175840"]
[WhiteElo "2182"]
[BlackElo "2499"]
[WhiteTeam "RUS"]
[WhiteClock "0:00:00"]
[BlackClock "0:00:24"]

1. d4 Nf6 2. c4 g6 3. Nc3 Bg7 4. e4 O-O 5. h3 d6 6. Be3 Nc6 7. d5 Ne5 8. f4 Ned7 9. Be2 c6 10. Nf3 cxd5 11. cxd5 b6 12. O-O Nc5 13. Qc2 Ba6 14. Bxa6 Nxa6 15. Nd4 Qd7 16. Bf2 Rfc8 17. Qe2 Nb8 18. Rfd1 Qb7 19. Rac1 a6 20. Nf3 Nfd7 21. e5 Nf8 22. Bd4 Nbd7 23. g4 b5 24. a3 Nc5 25. exd6 exd6 26. Bxg7 Kxg7 27. Nd4 Re8 28. Qf3 b4 29. axb4 Qxb4 30. Rd2 Nb3 31. Nxb3 Qxb3 32. f5 Nd7 33. Rf1 f6 34. fxg6 hxg6 35. Qf4 Re5 36. Ne4 Rf8 37. Rh2 Qxd5 38. Ng3 Nc5 39. h4 Ne6 40. Qf2 Qc4 41. h5 Qxg4 42. h6+ Kh7 43. Rg2 Qd4 44. Ne2 Rxe2 45. Qxd4 Rxg2+ 46. Kxg2 Nxd4 0-1

[Event "November 21 Early 2023"]
[Site "https://www.chess.com"]
[Date "2023.11.21"]
[Round "10"]
[White "Cruz Mendez, Jean Marco"]
[Black "mkllnd1517"]
[Result "1-0"]
[Board "107"]
[TimeControl "180+1"]
[WhiteFideId "3526402"]
[WhiteElo "2064"]
[BlackElo "2365"]
[WhiteTeam "CUB"]
[WhiteClock "0:01:09"]
[BlackClock "0:00:02"]

1. Nf3 d5 2. g3 Nc6 3. d4 Bf5 4. a3 f6 5. Bg2 e5 6. O-O e4 7. Nfd2 Bd6 8. c4 Nxd4 9. cxd5 c5 10. dxc6 Nxc6 11. Nxe4 Be5 12. Nbc3 Nge7 13. Be3 O-O 14. Qb3+ Kh8 15. Rfd1 Qc7 16. Nc5 Na5 17. Qa4 b6 18. Bxa8 Rxa8 19. N5e4 Qb7 20. Rac1 Rc8 21. Bd4 Bxe4 22. Bxe5 Bh1 23. f3 Bxf3 24. exf3 fxe5 25. Qe4 Qc7 26. Nd5 Qxc1 27. Rxc1 Rxc1+ 28. Kg2 Nxd5 29. Qxd5 h6 30. Qxe5 Nc4 31. Qe8+ Kh7 32. Qe4+ Kh8 33. a4 Nxb2 34. Qa8+ Kh7 35. Qxa7 Rc2+ 36. Kh3 Nc4 37. Qe7 Kh8 38. Qe8+ 1-0